 Dungeon Crawl Stone Soup version 0.27-a0-1188-g73eefd5def (webtiles) character file.

Game seed: 1374781147113391592

44446 freelancePsychic the Destroyer (level 13, -2/114 HPs)
             Began as a Demigod Fire Elementalist on May 22, 2021.
             Slain by a lindwurm (6 damage)
             ... on level 6 of the Lair of Beasts.
             The game lasted 01:01:53 (23269 turns).

freelancePsychic the Destroyer (DgFE)              Turns: 23269, Time: 01:01:54

Health: -2/114     AC: 13    Str:  9    XL:     13   Next: 58%
Magic:  20/34      EV: 18    Int: 33    God:
Gold:   1136       SH:  0    Dex: 20    Spells: 0/22 levels left

rFire    . . .     SeeInvis +   K - staff of conjuration
rCold    . . .     Faith    .   (no shield)
rNeg     + . .     Spirit   .   r - +1 troll leather armour
rPois    +         Reflect  .   W - +3 helmet "Cackatur" {rPois}
rElec    .         Harm     .   v - +0 cloak
rCorr    .         Rampage  .   M - +0 pair of gloves {archery}
Will     +....                  H - +1 pair of boots {Fly}
Stlth    +++.......             q - amulet of magic regeneration
HPRegen  1.29/turn              s - ring of magical power
MPRegen  0.49/turn              N - ring of Meash {rN+ Dex+6 SInv Stlth+}

@: flying, studying Transmutations
A: high mp 1, forlorn
a: no special abilities


You were on level 6 of the Lair of Beasts.
You visited 2 branches of the dungeon, and saw 16 of its levels.
You also visited: Sewer, Bailey and Gauntlet.

You collected 1456 gold pieces.
You spent 320 gold pieces at shops.

Inventory:

Hand Weapons
 b - a +2 spear of flaming
 l - a +0 dagger of pain
 n - the +4 shortbow of Bloody Death {freeze, rC+ rCorr Str+4}
   (You found it in a Gauntlet)

   It causes projectiles fired from it to freeze those they strike, causing
   extra injury to most foes and up to half again as much damage against
   particularly susceptible opponents.
   They can also slow down cold-blooded creatures.
   It affects your strength (+4).
   It protects you from cold.
   It protects you from acid and corrosion.
Missiles
 C - 3 curare-tipped darts
 U - a throwing net
Armour
 r - a +1 troll leather armour (worn)
 v - a +0 cloak (worn)
 H - a +1 pair of boots of flying (worn)
 M - a +0 pair of gloves of archery (worn)
 Q - the +3 ring mail of Servitude {Str+3}
   (You found it on level 2 of the Lair of Beasts)

   It affects your strength (+3).
 W - the +3 helmet "Cackatur" (worn) {rPois}
   (You found it in a Gauntlet)

   It protects you from poison.
Magical Staves
 K - a staff of conjuration (weapon)
Jewellery
 q - an amulet of magic regeneration (around neck)
 s - a ring of magical power (left hand)
 N - the ring of Meash (right hand) {rN+ Dex+6 SInv Stlth+}
   (You found it in a Gauntlet)

   [ring of positive energy]

   It affects your dexterity (+6).
   It protects you from negative energy.
   It lets you see invisible.
   It makes you more stealthy.
 S - an amulet of the acrobat
 T - a +6 ring of strength
Wands
 g - a wand of iceblast (16)
 w - a wand of acid (25)
 y - a wand of flame (40)
 D - a wand of polymorph (34)
 L - a wand of mindburst (15)
 P - a wand of charming (7)
 X - a wand of paralysis (9)
Scrolls
 a - 6 scrolls of enchant armour
 c - 8 scrolls of teleportation {@r4}
 o - a scroll of identify {@r1}
 p - 3 scrolls of silence
 x - 2 scrolls of immolation
 z - 2 scrolls of summoning
 B - 4 scrolls of fear
 I - 3 scrolls of enchant weapon
 J - 4 scrolls of blinking
 O - a scroll of magic mapping
 R - a scroll of brand weapon
 V - 3 scrolls of vulnerability {unknown}
Potions
 d - 16 potions of curing {@q1}
 e - a potion of ambrosia
 f - 2 potions of attraction
 h - 4 potions of magic
 i - 5 potions of heal wounds {@q2}
 j - 5 potions of flight
 k - 3 potions of might
 m - 3 potions of lignification
 t - 2 potions of resistance
 u - 2 potions of mutation {unknown}
 A - a potion of invisibility {unknown}
 F - 3 potions of haste {@q3}
 G - 2 potions of brilliance {unknown}


   Skills:
 - Level 10.7 Fighting
 - Level 10.0 Dodging
 - Level 1.7 Stealth
 - Level 5.4 Spellcasting
 + Level 14.2 Conjurations
 - Level 7.8 Fire Magic


You couldn't memorise any spells.
You knew the following spells:

 Your Spells              Type           Power      Damage    Failure   Level
a - Foxfire               Conj/Fire      100%       2x1d9     1%          1
b - Sticky Flame          Conj/Fire      89%        2d10      1%          4
c - Iskenderun's Battles  Conj           100%       2d15      1%          5
d - Orb of Destruction    Conj           50%        9d15      16%         7
e - Fireball              Conj/Fire      44%        3d18      1%          5

Your spell library contained the following spells:

 Spells                   Type           Power      Damage    Failure   Level
 Conjure Flame            Conj/Fire      89%        6-21      1%          3
 Dazzling Flash           Conj/Hex       100%       N/A       1%          3
 Inner Flame              Hex/Fire       34%        N/A       3%          3
 Animate Skeleton         Necr           16%        N/A       6%          1
 Apportation              Tloc           16%        N/A       6%          1
 Beastly Appendage        Tmut           16%        N/A       6%          1
 Corona                   Hex            8%         N/A       6%          1
 Pain                     Necr           32%        1d5       6%          1
 Sting                    Tmut/Pois      32%        1d4       6%          1
 Summon Small Mammal      Summ           32%        N/A       6%          1
 Ignite Poison            Fire/Tmut/Pois 26%        N/A       7%          3
 Bolt of Magma            Conj/Fire/Erth 36%        4d16      9%          5
 Blink                    Tloc           N/A        N/A       10%         2
 Call Imp                 Summ           8%         N/A       10%         2
 Ensorcelled Hibernation  Hex/Ice        16%        N/A       10%         2
 Passwall                 Tmut/Erth      6%         N/A       10%         2
 Slow                     Hex            8%         N/A       10%         2
 Wereblood                Tmut           8%         N/A       10%         2
 Call Canine Familiar     Summ           8%         N/A       19%         3
 Confusing Touch          Hex            8%         N/A       19%         3
 Gell's Gravitas          Tloc           4%         N/A       19%         3
 Portal Projectile        Hex/Tloc       16%        N/A       19%         3
 Spider Form              Tmut/Pois      4%         N/A       19%         3
 Summon Guardian Golem    Hex/Summ       8%         N/A       19%         3
 Teleport Other           Tloc           8%         N/A       19%         3
 Vampiric Draining        Necr           4%         2d6       19%         3
 Iron Shot                Conj/Erth      35%        9d7       47%         6
 Animate Dead             Necr           4%         N/A       54%         4
 Cause Fear               Hex            4%         N/A       54%         4
 Ice Form                 Ice/Tmut       8%         N/A       54%         4
 Leda's Liquefaction      Hex/Erth       4%         N/A       54%         4
 Petrify                  Tmut/Erth      8%         N/A       54%         4
 Summon Ice Beast         Ice/Summ       8%         N/A       54%         4
 Summon Lightning Spire   Summ/Air       8%         N/A       54%         4
 Agony                    Necr           8%         N/A       87%         5
 Hydra Form               Tmut           4%         N/A       87%         5
 Metabolic Englaciation   Hex/Ice        4%         N/A       87%         5
 Summon Mana Viper        Hex/Summ       8%         N/A       87%         5
 Yara's Violent Unravell  Hex/Tmut       4%         3d4       87%         5
 Spellforged Servitor     Conj/Summ      35%        N/A       96%         7
 Blade Hands              Tmut           4%         N/A       100%        6
 Eringya's Noxious Bog    Tmut/Pois      4%         N/A       100%        6


Dungeon Overview and Level Annotations

Branches:
Dungeon (10/15)            Temple (0/1) D:4            Lair (6/6) D:9
 Shoals (0/4) Lair:2        Snake (0/4) Lair:3        Slime (0/5) Lair:5
  Sewer (visited)          Bailey (visited)         Gauntlet (visited)
    Orc: D:9-12

Shops:
D:2 (   D:8 *[   D:9 (

Annotations:
Lair:3 1 runed translucent door, robertstho's ghost, journeyman DjFE


Innate Abilities, Weirdness & Mutations

Your attributes grow dramatically as you level up.
You have an increased reservoir of magic. (+10% MP)
You shall have no god before yourself.


Message History

The basilisk moves out of view.
Unknown command.
The basilisk hisses angrily.
Found a scroll of noise.
As you read the scroll of fog, it crumbles to dust.
The scroll dissolves into smoke.
Found a mace.
Found 16 gold pieces.
A basilisk comes into view.
The basilisk hisses angrily.
The elephant trumpets!
The basilisk bites you. The basilisk gazes at you.
You easily resist.
The elephant tramples you!
You are shoved backwards!
Casting: Fireball (dangerous; 1% risk of failure)
Confirm with . or Enter, or press ? or * to list all spells.
Aiming: Sticky Flame (mildly dangerous; 1% risk of failure)
Press: ? - help, Shift-Dir - straight line, f - elephant
Aim: an elephant (severely wounded, 100% to hit)
You feel a surge of power!
The sticky flame hits the elephant.
The elephant is almost dead.
The elephant is covered in liquid flames!
The lindwurm roars!
You hear a bleat!
The elephant burns!
The elephant tramples you but does no damage.
The elephant trunk-slaps you but does no damage.
The elephant burns!
The elephant burns!
You kill the elephant!
The lindwurm breathes flames at you. The blast of flame hits you!
There is a stone staircase leading up here.
The dream sheep bleats!
The dream sheep shake their wool and sparkle.
You feel drowsy...
You fall asleep.
The molten gargoyle barely misses you. The lindwurm bites you!!
You wake up.
* * * LOW HITPOINT WARNING * * *
The lindwurm claws you.
You die...

.D.##..P.... ...............#
#.#.# ........#...P.P...##.#.....
..####.............P.............
...................P.............
.Dk##.#................#..P..P###
..P#Y#...................#....###
.........F.......................
......Y..Y................P......
....Y..YY.Y.Y..k@9.......PPP....#
P..P##Y#....#.#.l..#..#...P......
....#P.Y...#....###.......$......
.................l...............
#P.#P#.P..P........###..#.#.#....
########P##.######## ##.#####P###
###### ### #


You could see a lindwurm (catching breath), a basilisk, a blink frog
(wandering), a molten gargoyle and 3 dream sheep.

Vanquished Creatures
  A minotaur (Gauntlet)
  Snorg (Lair:5)
  Fannar (Lair:2)
  2 boulder beetles
  8 death yaks
  Nergalle (Lair:2)
  Sonja (Lair:5)
  A lindwurm (Lair:4)
  4 orc knights (Bailey)
  2 oklob plants (Lair:2)
  A merfolk siren (Lair:2)
  9 elephants
  6 black mambas
  9 cane toads
  2 torpor snails
  5 komodo dragons
  A rime drake (Lair:4)
  A tengu conjurer (D:9)
  3 merfolk (Lair:2)
  2 polar bears
  19 blink frogs
  A hornet (D:10)
  3 slime creatures (Lair:5)
  4 dream sheep (Lair:2)
  A slime creature (shapeshifter) (Gauntlet)
  A vampire (D:9)
  2 wyverns
  A centaur simulacrum (Gauntlet)
  2 basilisks
  4 shadows (Gauntlet)
  38 yaks
  A wraith (D:9)
  2 vampire mosquitoes (D:10)
  3 steam dragons
  3 nagas (Lair:3)
  15 water moccasins
  8 orc warriors (Bailey)
  2 sky beasts
  2 black bears
  4 ogres
  3 centaurs
  2 necrophages
  2 phantoms
  3 kobold brigands
  9 bullfrogs
  A gnoll sergeant (D:9)
  2 scorpions
  13 killer bees
  10 wights
  6 howler monkeys
  2 hounds
  2 bullfrog zombies
  4 jellies
  3 centaur zombies
  4 gnoll shamans
  2 orc priests
  A bullfrog skeleton (D:5)
  2 centaur skeletons
  5 iguanas
  Natasha (D:4)
  9 orc wizards
  A hound zombie (D:5)
  27 gnolls
  A howler monkey skeleton (D:7)
  2 howler monkey zombies
  8 adders
  3 river rats (D:5)
  A shadow imp (D:8)
  5 worms
  A dart slug (D:1)
  38 orcs
  5 ball pythons
  12 endoplasms
  7 giant cockroaches
  9 goblins
  12 hobgoblins
  14 jackals
  8 quokkas
  13 bats
  3 frilled lizards
  12 kobolds
  8 rats
  A plant (Lair:4)
454 creatures vanquished.

Vanquished Creatures (collateral kills)
  13 foxfires
13 creatures vanquished.

Vanquished Creatures (others)
  An orc wizard (D:4)
  1492 foxfires
  27 fungi
  20 plants
  3 withered plants
1543 creatures vanquished.

Grand Total: 2010 creatures vanquished

Notes
Turn   | Place    | Note
-------+----------+-------------------------------------------
     0 | D:1      | freelancePsychic the Demigod Fire Elementalist began the
                  | quest for the Orb.
     0 | D:1      | Reached XP level 1. HP: 14/14 MP: 5/5
   107 | D:1      | Reached skill level 1 in Conjurations
   756 | D:1      | Reached XP level 2. HP: 20/20 MP: 0/7
  1116 | D:1      | HP: 1/20 [dart slug/slug dart (3)]
  1215 | D:1      | Reached skill level 2 in Conjurations
  1691 | D:1      | Reached XP level 3. HP: 26/26 MP: 2/8
  2606 | D:2      | Found Ochuon's Weapon Shoppe.
  2860 | D:2      | Reached XP level 4. HP: 33/33 MP: 0/9
  3109 | D:2      | Reached skill level 3 in Conjurations
  4166 | D:3      | Reached XP level 5. HP: 38/38 MP: 5/10
  5636 | D:4      | Found a staircase to the Ecumenical Temple.
  5704 | D:4      | Reached skill level 4 in Conjurations
  5704 | D:4      | Reached skill level 5 in Fire Magic
  5704 | D:4      | Reached XP level 6. HP: 28/45 MP: 1/11
  6186 | D:4      | Noticed Natasha
  6194 | D:4      | Killed Natasha
  6271 | D:5      | Entered Level 5 of the Dungeon
  6297 | D:5      | Reached skill level 5 in Conjurations
  6297 | D:5      | Reached XP level 7. HP: 50/50 MP: 4/12
  6302 | D:5      | Learned a level 4 spell: Sticky Flame
  6527 | D:5      | Found a glowing drain.
  6531 | Sewer    | Entered a sewer
  7645 | D:5      | Reached skill level 6 in Conjurations
  7886 | D:5      | Reached skill level 1 in Fighting
  8119 | D:6      | Reached XP level 8. HP: 59/59 MP: 13/13
 10011 | D:7      | Reached XP level 9. HP: 71/71 MP: 17/17
 10262 | D:7      | Reached skill level 5 in Dodging
 10599 | D:7      | Reached skill level 5 in Fighting
 11273 | D:7      | Learned a level 5 spell: Fireball
 11277 | D:7      | Learned a level 3 spell: Inner Flame
 11329 | D:8      | Found Liaw Dul's Island Escapes.
 12129 | D:8      | Found Pyulu's Armour Boutique.
 12132 | D:8      | Bought the +0 leather armour of Dyspraxia {Int+4} for 208
                  | gold pieces
 12529 | D:9      | Reached XP level 10. HP: 84/84 MP: 20/20
 12564 | D:9      | Found a flagged portal.
 12569 | Bailey   | Entered a bailey
 12905 | Bailey   | Identified a scroll of acquirement
 12905 | Bailey   | Acquired a +1 pair of boots of flying
 12921 | Bailey   | Noticed an orc knight
 12933 | Bailey   | Killed an orc knight
 13024 | Bailey   | Noticed an orc knight
 13024 | Bailey   | Noticed an orc knight
 13030 | Bailey   | Killed an orc knight
 13030 | Bailey   | Killed an orc knight
 13031 | Bailey   | Reached skill level 7 in Conjurations
 13034 | Bailey   | Noticed an orc knight
 13051 | Bailey   | Killed an orc knight
 13221 | D:9      | Found Oplocy's Weapon Shoppe.
 13440 | D:8      | Bought a scroll of blinking for 112 gold pieces
 14301 | D:9      | Reached XP level 11. HP: 95/95 MP: 13/21
 14372 | D:9      | Found a staircase to the Lair.
 14958 | D:10     | Entered Level 10 of the Dungeon
 15082 | D:10     | Paralysed by a hornet for 3 turns
 15365 | D:10     | Identified the +1 leather armour of a ziggurat {Will+
                  | rCorr}
 16179 | Lair:1   | Entered Level 1 of the Lair of Beasts
 17130 | Lair:2   | Noticed Fannar
 17257 | Lair:2   | Identified the +3 ring mail of Servitude {Str+3}
 17512 | Lair:2   | Killed Fannar
 17514 | Lair:2   | Reached skill level 10 in Fighting
 17692 | Lair:2   | Noticed Nergalle
 17700 | Lair:2   | Killed Nergalle
 17920 | Lair:2   | Found a staircase to the Shoals.
 18245 | Lair:2   | Learned a level 5 spell: Iskenderun's Battlesphere
 18300 | Lair:2   | Reached skill level 10 in Dodging
 18628 | Lair:3   | Found a gate leading to a gauntlet.
 18635 | Lair:3   | Found a runed translucent door.
 18635 | Lair:3   | Noticed robertstho's ghost (journeyman DjFE)
 18642 | Gauntlet | Entered a Gauntlet
 18642 | Gauntlet | Found a transporter.
 18642 | Gauntlet | Found a transporter.
 18673 | Gauntlet | Found a transporter.
 18674 | Gauntlet | Found a transporter.
 18681 | Gauntlet | Found a transporter.
 18685 | Gauntlet | Found a transporter.
 18693 | Gauntlet | Found a transporter.
 18712 | Gauntlet | Found a transporter.
 18713 | Gauntlet | Noticed a minotaur
 18730 | Gauntlet | Found a transporter.
 18734 | Gauntlet | Found a transporter.
 18734 | Gauntlet | Noticed a necromancer
 18742 | Gauntlet | Found a transporter.
 18746 | Gauntlet | Found a transporter.
 18770 | Gauntlet | Noticed a harpy
 18775 | Gauntlet | a harpy changed into a shapeshifter
 18826 | Gauntlet | Reached XP level 12. HP: 106/108 MP: 17/23
 18830 | Gauntlet | Identified the +4 shortbow of Bloody Death {freeze, rC+
                  | rCorr Str+4}
 18835 | Gauntlet | Identified the ring of Meash {rN+ Dex+6 SInv Stlth+}
 18850 | Gauntlet | Reached skill level 8 in Conjurations
 18851 | Gauntlet | Identified the +3 helmet "Cackatur" {rPois}
 18967 | Gauntlet | Killed a minotaur
 19106 | Gauntlet | Identified the Papyrus of Changing
 19110 | Gauntlet | Identified the Tome of Enchantment
 19113 | Gauntlet | Identified the Handbook of Displacement
 19207 | Lair:3   | Reached skill level 9 in Conjurations
 19427 | Lair:3   | Reached skill level 10 in Conjurations
 19737 | Lair:3   | Noticed a boulder beetle
 19745 | Lair:3   | Killed a boulder beetle
 19746 | Lair:3   | Reached skill level 11 in Conjurations
 19969 | Lair:3   | Found a staircase to the Snake Pit.
 20906 | Lair:4   | Reached skill level 12 in Conjurations
 21184 | Lair:4   | Reached XP level 13. HP: 106/114 MP: 18/24
 21939 | Lair:5   | Reached skill level 13 in Conjurations
 22051 | Lair:5   | Identified the +0 kite shield "Tuzxui" {Harm}
 22131 | Lair:5   | Noticed Snorg
 22131 | Lair:5   | Noticed Sonja
 22149 | Lair:5   | Killed Snorg
 22154 | Lair:5   | Killed Sonja
 22357 | Lair:5   | Reached skill level 5 in Spellcasting
 22706 | Lair:5   | Found a staircase to the Slime Pits.
 23052 | Lair:6   | Entered Level 6 of the Lair of Beasts
 23133 | Lair:5   | Reached skill level 14 in Conjurations
 23174 | Lair:5   | Learned a level 7 spell: Orb of Destruction
 23269 | Lair:6   | HP: 4/114 [lindwurm (34)]
 23269 | Lair:6   | Slain by a lindwurm

Illustrated notes

Levels and vault maps discovered:
D:1:      nicolae_arrival_somewhat_less_tricky_arrival, layout_basic,
          shapermc_ecumenical_altar_flowoftime
D:2:      layout_basic, serial_shops, nicolae_shop_waterfront,
          kennysheep_generic_room_13
D:3:      minmay_chambers_of_threes, layout_basic, minmay_statues_item,
          moated_statue
D:4:      layout_rooms, minmay_temple_entry_nine_rooms,
          minmay_misc_feat_encased, uniq_natasha
D:5:      layout_rooms, chequers_temple_overflow_minitemple,
          gup_sewer_entry_spiral
D:6:      layout_cave_pods, roderic_st_hans_cross, serial_bayou_pond_c,
          roderic_malta_cross
D:7:      layout_basic, nicolae_overflow_crystal_walls, minmay_ruined_shrine
D:8:      layout_basic, marbit_many_paths, serial_shops, kennysheep_mini,
          nicolae_island_escapes
D:9:      layout_stronghold, overflow_temple_1_default,
          gammafunk_temple_overflow_statue, lemuel_crystal_altar,
          erik_lair_dragon, enter_bailey_3, serial_shops, shop_statue,
          kennysheep_dice
D:10:     layout_irregular_city
Lair:1:   layout_chaotic_city, st_stairs_13
Lair:2:   layout_gridlike, elwin_shoals_entry_stream, minivault_19,
          hangedman_tree_tricks, hibernation_bobbens, serial_bayou_shore_b,
          uniq_fannar, uniq_nergalle
Lair:3:   layout_cave_shapes, minmay_snake_entry_guardpost_small,
          gauntlet_entry_generic, gammafunk_ghost_grave, serial_bayou_shore_a
Lair:4:   beast_lair_carwin_large_2, layout_layer_cave
Lair:5:   layout_hall_layers, minmay_slime_entry_pillars, grunt_megastairs_3,
          uniq_snorg, uniq_sonja
Lair:6:   cheibrodos_lair_end_hotspot, layout_long_grid

Skill      XL: |  1  2  3  4  5  6  7  8  9 10 11 12 13 |
---------------+----------------------------------------+-----
Conjurations   | 1 2 3 4 5 6 7 12 14 | 14.2
Fire Magic     | 3 4 5 6 7 |  7.8
Fighting       | 1 4 6 8 10 | 10.7
Dodging        | 2 4 6 7 10 | 10.0
Spellcasting   | 3 4 5 |  5.4
Stealth        | |  1.7

Action                   |  1- 3 |  4- 6 |  7- 9 | 10-12 | 13-15 || total
-------------------------+-------+-------+-------+-------+-------++-------
Melee: Short sword       |    25 |    22 |    36 |       |       ||    83
       Spear             |       |       |    45 |     7 |       ||    52
       Staff             |       |       |       |    44 |     3 ||    47
 Cast: Foxfire           |    99 |   149 |   247 |   316 |    69 ||   880
       Sticky Flame      |       |       |    42 |    66 |    19 ||   127
       Inner Flame       |       |       |     3 |    19 |     2 ||    24
       Fireball          |       |       |     2 |    70 |    20 ||    92
       Iskenderun's Batt |       |       |       |    24 |    12 ||    36
  Use: Scroll            |       |       |    19 |     7 |     4 ||    30
       Potion            |       |       |     2 |       |       ||     2
 Stab: Sleeping          |     3 |     2 |     4 |       |       ||     9
Armor: Robe              |    11 |     5 |    36 |       |       ||    52
       Steam dragon scal |       |       |     7 |    31 |       ||    38
       Troll leather arm |       |       |       |    25 |    21 ||    46
Dodge: Dodged            |    27 |    19 |   137 |   169 |    59 ||   411

Table legend: (Time is in decaauts)
 A = Elapsed time spent in this place.
 B = Non-inter-level travel time spent in this place.
 C = Inter-level travel time spent in this place.
 D = Time resting spent in this place.
 E = Time spent auto-exploring this place.
 F = Levels seen in this place.
 G = Mean time per level.
                   A        B        C        D        E       F      G
               +--------+--------+--------+--------+--------+-----+--------+
         Total |  23492 |  22689 |    803 |   2035 |  17285 |  19 | 1236.4 |
       Dungeon |  14848 |  14194 |    654 |   1162 |  11165 |  10 | 1484.8 |
          Lair |   6607 |   6458 |    149 |    398 |   5179 |   6 | 1101.2 |
         Sewer |    951 |    951 |      0 |    158 |    547 |   1 |  951.0 |
        Bailey |    590 |    590 |      0 |    243 |    125 |   1 |  590.0 |
      Gauntlet |    495 |    495 |      0 |     74 |    268 |   1 |  495.0 |
               +--------+--------+--------+--------+--------+-----+--------+

Top non-repeatable levels by time:
     D:1: 2275 daAuts
     D:6: 1878 daAuts
     D:9: 1643 daAuts
     D:3: 1558 daAuts
  Lair:4: 1556 daAuts
     D:2: 1529 daAuts
     D:8: 1526 daAuts
     D:7: 1375 daAuts
  Lair:3: 1354 daAuts
  Lair:2: 1343 daAuts
  Lair:5: 1182 daAuts
    D:10: 1110 daAuts
  Lair:1: 1068 daAuts
     D:5: 1038 daAuts
   Sewer: 951 daAuts
